 Dungeon Crawl Stone Soup version 0.28-a0-312-gbced6e68ee (webtiles) character file.

Game seed: 12469330885737984264

226 siradein the Grave Robber (level 5, -1/42 HPs)
             Began as a Deep Dwarf Necromancer on Aug 31, 2021.
             Slain by a phantom (6 damage)
             ... on level 4 of the Dungeon.
             The game lasted 00:18:55 (4073 turns).

siradein the Grave Robber (Deep Dwarf Necromancer)  Turns: 4073, Time: 00:18:56

Health: -1/42      AC:  4    Str: 11    XL:     5   Next: 69%
Magic:  7/7        EV: 12    Int: 17    God:
Gold:   169        SH:  0    Dex: 13    Spells: 3/7 levels left

rFire   . . .      SeeInvis .   f - +2 whip (drain)
rCold   . . .      Faith    .   (no shield)
rNeg    + . .      Spirit   .   g - +2 robe {rN+}
rPois   +          Reflect  .   (no helmet)
rElec   .          Harm     .   (no cloak)
rCorr   .          Rampage  .   (no gloves)
Will    .....                   (no boots)
Stlth   ++........              (no amulet)
HPRegen 0.00/turn               i - ring of flight
MPRegen 0.10/turn               a - ring of poison resistance

@: flying
A: damage resistance, heal wounds, sense surroundings 1, no regeneration
a: Heal Wounds


You were on level 4 of the Dungeon.
You visited 1 branch of the dungeon, and saw 4 of its levels.

You collected 169 gold pieces.

Inventory:

Hand Weapons
 f - a +2 whip of draining (weapon)
Armour
 g - a +2 robe of positive energy (worn)
 m - the +6 chain mail of Rauhohe {Rampage rC+ Slay+2}
   (You found it on level 3 of the Dungeon)

   Slay:      It affects your accuracy & damage with ranged weapons and melee
   (+2).
   rC:        It protects you from cold.
   Rampage:   It bestows one free step when moving towards enemies.
Jewellery
 a - a ring of poison resistance (right hand)
 b - a ring of positive energy
 i - a ring of flight (left hand)
 l - a +6 ring of dexterity
 n - the ring of Akhie {rF+ Str+3 Int-4 Dex+4}
   (You found it on level 4 of the Dungeon)

   [ring of protection from fire]

   Str:       It affects your strength (+3).
   Int:       It affects your intelligence (-4).
   Dex:       It affects your dexterity (+4).
   rF:        It protects you from fire.
Scrolls
 c - 2 scrolls of silence {unknown}
 d - 2 scrolls of enchant weapon {unknown}
 e - a scroll of summoning {unknown}
 h - 4 scrolls of identify {unknown}
 k - a scroll of vulnerability {unknown}
Potions
 j - a potion of heal wounds {unknown}


   Skills:
 - Level 2.1 Dodging
 - Level 2.4 Stealth
 + Level 1.9 Spellcasting
 + Level 7.6 Necromancy


You had 3 spell levels left.
You knew the following spells:

 Your Spells              Type           Power      Damage    Failure   Level
a - Pain                  Necr           100%       1d9       1%          1
b - Vampiric Draining     Necr           13%        2d7       2%          3

Your spell library contained the following spells:

 Spells                   Type           Power      Damage    Failure   Level
 Animate Skeleton         Necr           54%        N/A       1%          1
 Portal Projectile        Hex/Tloc       2%         N/A       52%         3
 Animate Dead             Necr           13%        N/A       9%          4
 Agony                    Necr           27%        N/A       22%         5
 Excruciating Wounds      Necr           13%        N/A       22%         5
 Blade Hands              Tmut           0%         N/A       99%         5


Dungeon Overview and Level Annotations

Branches:
Dungeon (4/15)
 Temple: D:4-7

Altars:
Makhleb
Nemelex Xobeh
Uskayaw
Vehumet


Innate Abilities, Weirdness & Mutations

You are resistant to damage.
You can heal yourself by infusing magical energy.
You passively map a small area around you.
You do not regenerate.


Message History

You hear the slow rusting of a drain.
Found a stone staircase leading down.
The orc throws a stone.
The stone hits you.
The orc throws a stone.
The stone barely misses you.
Found a robe.
Found a ring of positive energy.
Found a fuming coppery potion.
The orc throws a stone.
The stone hits you.
A scorpion comes into view.
The phantom hits you but does no damage.
You hit the scorpion. You drain the scorpion.
The scorpion is lightly wounded.
The scorpion stings you but does no damage.
The scorpion stings you. The phantom barely misses you.
The scorpion stings you but does no damage.
The scorpion stings you.
Found a spear.
The scorpion stings you.
Found a hide-covered altar of Uskayaw.
The scorpion stings you.
Found a sparkling altar of Nemelex Xobeh.
Found a burning altar of Makhleb.
The scorpion stings you. The scorpion stings you.
You hear the slow rusting of a drain very nearby.
The scorpion stings you.
You are poisoned.
The scorpion poisons you!
The scorpion seems less drained.
The scorpion barely misses you.
The scorpion stings you but does no damage.
You are no longer poisoned.
The phantom hits you!
* * * LOW HITPOINT WARNING * * *
The phantom blinks!
You blink.
The phantom barely misses you.
You reach down and open the door.
The phantom hits you!
* * * LOW HITPOINT WARNING * * *
The phantom blinks!
You blink.
Found a stone staircase leading down.
You reach down and open the door.
The phantom hits you!
You die...

.# # ......# ##.##..#
..#* .......
#..#...###### ...#
...... * ##.....##.#.#
..## * . ≈≈
≈#........#.## #..* #.
#....#.§....# #.. . , .
#.# ##..o.##.....#*
#*...., >..#..#≈
#s.#..##.o..## ##....
......'##'.....#......#
...... , ,
#.@W.#..........###
.....$
.......#...............#
##....
#....####...............
...
#.......................
* ,,.. #..
..................## .
#. ..................##
, , , #
,..........>......... *
, ,
,....................
**** ,
....................


You could see a phantom, a scorpion and an orc.

Vanquished Creatures
  A centaur (D:3)
  Jessica (D:2)
  A gnoll (D:1)
  5 adders
  3 worms (D:2)
  2 dart slugs (D:2)
  3 ball pythons
  2 endoplasms
  3 giant cockroaches
  4 hobgoblins
  4 jackals (D:1)
  2 kobolds (D:2)
  4 quokkas
  5 bats
  6 frilled lizards
  5 goblins
  9 rats
60 creatures vanquished.

Notes
Turn   | Place    | Note
-------+----------+-------------------------------------------
     0 | D:1      | siradein the Deep Dwarf Necromancer began the quest for the
                  | Orb.
     0 | D:1      | Reached XP level 1. HP: 15/15 MP: 3/3
   324 | D:1      | Reached XP level 2. HP: 8/22 MP: 1/4
   341 | D:1      | Reached skill level 5 in Necromancy
  1094 | D:2      | Reached XP level 3. HP: 9/28 MP: 0/5
  1098 | D:2      | Learned a level 3 spell: Vampiric Draining
  1544 | D:2      | Reached skill level 6 in Necromancy
  1592 | D:2      | Noticed Jessica
  1600 | D:2      | Killed Jessica
  1601 | D:2      | Reached XP level 4. HP: 12/36 MP: 0/6
  2358 | D:2      | Found a radiant altar of Vehumet.
  3025 | D:3      | Noticed a centaur
  3033 | D:3      | Killed a centaur
  3034 | D:3      | Reached skill level 7 in Necromancy
  3034 | D:3      | Reached XP level 5. HP: 42/42 MP: 0/7
  3831 | D:3      | Identified the +6 chain mail of Rauhohe {Rampage rC+
                  | Slay+2}
  3947 | D:4      | Noticed a phantom
  3953 | D:4      | Identified the ring of Akhie {rF+ Str+3 Int-4 Dex+4}
  4044 | D:4      | Found a hide-covered altar of Uskayaw.
  4044 | D:4      | Found a sparkling altar of Nemelex Xobeh.
  4045 | D:4      | Found a burning altar of Makhleb.
  4073 | D:4      | Slain by a phantom

Illustrated notes

Levels and vault maps discovered:
D:1:      wander_arrival_lonely_grave, layout_basic
D:2:      minmay_skewed_foursquare, layout_basic, basic_altar,
          minmay_joined_circles, uniq_jessica
D:3:      layout_loops_ring, minivault_5, st_stairs_6, minmay_distorted
D:4:      layout_cave_pools, gammafunk_temple_overflow_claw,
          gup_sewer_entry_bowl

Skill      XL: |  1  2  3  4 |
---------------+-------------+-----
Necromancy     | 5 6 7 |  7.6
Dodging        | |  2.1
Stealth        | |  2.4
Spellcasting   | |  1.9

Action                   |  1- 3 |  4- 6 || total
-------------------------+-------+-------++-------
Melee: Unarmed           |     2 |       ||     2
       Whip              |     7 |    25 ||    32
 Cast: Pain              |    38 |    38 ||    76
       Vampiric Draining |     7 |    18 ||    25
 Stab: Sleeping          |       |     1 ||     1
Armor: Robe              |     8 |    18 ||    26
Dodge: Dodged            |    37 |    39 ||    76

Table legend: (Time is in decaauts)
 A = Elapsed time spent in this place.
 B = Non-inter-level travel time spent in this place.
 C = Inter-level travel time spent in this place.
 D = Time resting spent in this place.
 E = Time spent auto-exploring this place.
 F = Levels seen in this place.
 G = Mean time per level.
                   A        B        C        D        E       F      G
               +--------+--------+--------+--------+--------+-----+--------+
         Total |   4078 |   3962 |    116 |    215 |   2841 |   4 | 1019.5 |
       Dungeon |   4078 |   3962 |    116 |    215 |   2841 |   4 | 1019.5 |
               +--------+--------+--------+--------+--------+-----+--------+

Top non-repeatable levels by time:
     D:2: 1635 daAuts
     D:1: 1377 daAuts
     D:3: 897 daAuts
     D:4: 167 daAuts
